 Dungeon Crawl Stone Soup version 0.20.0-6-gd3061e9 (console) character file.

1510 removed the Slicer (level 8, -3/40 HPs)
             Began as a Vine Stalker Earth Elementalist on May 28, 2017.
             Was an Initiate of Ru.
             Slain by a wight
             ... wielding a +0 halberd
              (4 damage)
             ... on level 6 of the Dungeon.
             The game lasted 00:06:12 (5515 turns).

removed the Slicer (VSEE)                           Turns: 5515, Time: 00:06:13

Health: -3/40      AC:  4    Str: 11    XL:     8   Next: 83%
Magic:  0/12       EV: 12    Int: 15    God:    Ru [......]
Gold:   329        SH:  0    Dex: 17    Spells: 10/11 levels left

rFire    . . .     SeeInvis .   a - +2 dagger (venom)
rCold    . . .     Gourm    .   (no shield)
rNeg     . . .     Faith    .   o - +0 leather armour {MR+}
rPois    +         Spirit   +   (no helmet)
rElec    .         Reflect  .   y - +0 cloak of Zeshilyokam {rPois}
rCorr    .         Harm     .   (no gloves)
MR       ++...                  (no boots)
Stlth    ++........             (no amulet)
Regen    0.6/turn               C - ring of flight
MPRegen  0.2/turn               (no ring)

@: heavily drained
A: fangs 3, regeneration 1, magic shield, antimagic bite, no potion heal 3, rot
immunity
a: Renounce Religion, Evoke Flight


You were on level 6 of the Dungeon.
You worshipped Ru.
Ru was noncommittal.
You were hungry.

You visited 2 branches of the dungeon, and saw 7 of its levels.

You collected 329 gold pieces.

Inventory:

Hand Weapons
 a - a +2 dagger of venom (weapon)
Missiles
 b - 181 stones (quivered)
Armour
 c - a +0 robe
 o - a +0 leather armour of magic resistance (worn)
 y - the +0 cloak of Zeshilyokam (worn) {rPois}
   (You found it on level 4 of the Dungeon)

   It protects you from poison.
Jewellery
 C - a ring of flight (left hand)
Wands
 H - a wand of digging (8/24)
Scrolls
 f - 2 scrolls of fear
 l - 4 scrolls of teleportation
 q - 2 scrolls of blinking
 t - a scroll of enchant armour {unknown}
 v - 3 scrolls of remove curse
 z - a scroll of enchant weapon {unknown}
 A - 5 scrolls of identify {unknown}
 E - a scroll of amnesia {unknown}
Potions
 j - 3 potions of mutation {unknown}
 k - a potion of berserk rage {unknown}
 n - 2 potions of agility {unknown}
 s - 2 potions of flight {unknown}
 w - a potion of lignification {unknown}
 D - 3 potions of invisibility {unknown}
 F - a potion of brilliance {unknown}
 I - a potion of haste {unknown}
Books
 e - a book of Geomancy

   Spells                             Type                      Level
   a - Sandblast                      Earth                        1
   b - Passwall                       Transmutation/Earth          2
   c - Stone Arrow                    Conjuration/Earth            3
   d - Petrify                        Transmutation/Earth          4
   e - Lee's Rapid Deconstruction     Earth                        5
 B - a book of Conjurations

   Spells                             Type                      Level
   a - Magic Dart                     Conjuration                  1
   b - Searing Ray                    Conjuration                  2
   c - Dazzling Spray                 Conjuration/Hexes            3
   d - Fulminant Prism                Conjuration/Hexes            4
   e - Force Lance                    Conjuration/Translocation    4
   f - Iskenderun's Mystic Blast      Conjuration                  4
Comestibles
 d - 4 bread rations
 h - 2 meat rations
 i - 3 royal jellies
 J - a chunk of flesh


   Skills:
 + Level 3.4(2.2) Fighting
 - Level 8.4(6.9) Short Blades
 - Level 3.2(1.9) Dodging
 - Level 2.4(1.2) Stealth
 - Level 0.2(0.0) Unarmed Combat
 - Level 2.1(0.9) Spellcasting
   Level 1.0(0.0) Transmutations
 - Level 3.0(1.7) Earth Magic


You had 10 spell levels left.
You knew the following spells:

 Your Spells              Type           Power        Failure   Level  Hunger
a - Sandblast             Erth           #.....       16%         1    ##.....


Dungeon Overview and Level Annotations

Branches:
Dungeon (6/15)             Temple (1/1) D:5

Altars:
Ashenzari
Cheibriados
Dithmenos
Elyvilon
Gozag
Hepliaklqana
Kikubaaqudgha
Makhleb
Qazlal
Ru
Sif Muna
Trog
Yredelemnul
Zin
The Shining One

Shops:
D:5 !


Innate Abilities, Weirdness & Mutations

You have razor-sharp teeth.
Your natural rate of healing is unusually fast.
When hurt, damage is shared between your health and your magic reserves.
Your bite disrupts and absorbs the magic of your enemies.
Potions cannot restore your health.
You are immune to rotting.


Message History

The wight hits you with a halberd.
You feel drained.
You are too injured to fight recklessly!
You hit the wight but do no damage.
The wight is heavily damaged.
You are too injured to fight recklessly!
You hit the wight but do no damage.
The wight is heavily damaged.
The wight hits you with a halberd!
* * * LOW HITPOINT WARNING * * *
You feel drained.
* * * LOW HITPOINT WARNING * * *
You are too injured to fight recklessly!
You hit the wight but do no damage.
The wight is heavily damaged.
You completely miss the wight.
The wight is heavily damaged.
The wight hits you with a halberd!
* * * LOW HITPOINT WARNING * * *
You feel drained.
You die...

#..?#. #.....# '...'
#...... #...# #......
#...# ##...... ..#
#...# ##......# #..#
#### #...# #...<...#
#..###...# #...#
###...###
##..##.?...##z..#
#...###
###...#.......#.@.#
#...÷..
#.....#..)....†...+
#.#####
#.....#.......#...#
#.# #
#..<..##.....##...##
##.# # .......##...#
#....## #..# #
....#.######
#.##..#######.# #
...##.#
#>###.)#......# #
...##.#
#.####...###..# #
##....#
######.##.....###..###
#


You could see a wight.

Vanquished Creatures
  Grinder (D:5)
  The ghost of skittles the Firebug, an amateur DrFE (D:3)
  2 ice beasts
  3 centaurs
  3 bullfrogs (D:6)
  2 howler monkeys
  2 crimson imps
  2 hounds
  A bullfrog skeleton (D:4)
  An iguana (D:6)
  4 worker ants
  10 adders
  A shadow imp (D:6)
  3 worms
  4 dart slugs
  3 leopard geckos
  7 orcs
  2 ball pythons (D:4)
  2 giant cockroaches
  15 hobgoblins
  10 jackals
  2 quokkas
  A ball python skeleton (D:6)
  9 bats
  3 frilled lizards
  12 goblins
  A jackal skeleton (D:3)
  9 kobolds
  4 rats
120 creatures vanquished.

Notes
Turn   | Place    | Note
-------+----------+-------------------------------------------
     0 | D:1      | removed the Vine Stalker Earth Elementalist began the quest for the Orb.
     0 | D:1      | Reached XP level 1. HP: 9/9 MP: 4/4
   259 | D:1      | Reached skill level 1 in Short Blades
   261 | D:1      | Reached XP level 2. HP: 5/13 MP: 6/6
   716 | D:1      | Reached skill level 2 in Short Blades
  1136 | D:1      | Reached XP level 3. HP: 15/16 MP: 5/7
  1507 | D:2      | Reached skill level 3 in Short Blades
  1507 | D:2      | Gained mutation: Your natural rate of healing is unusually fast. [Vine Stalker growth]
  1507 | D:2      | Reached XP level 4. HP: 4/21 MP: 2/8
  2135 | D:2      | Found a bloodstained altar of Trog.
  2363 | D:3      | Noticed an ice beast
  2382 | D:3      | Killed an ice beast
  2382 | D:3      | Reached skill level 4 in Short Blades
  2382 | D:3      | Reached XP level 5. HP: 6/24 MP: 2/9
  2401 | D:3      | Noticed skittles's ghost (amateur DrFE)
  2424 | D:3      | Found a snail-covered altar of Cheibriados.
  2424 | D:3      | Found a basalt altar of Yredelemnul.
  2425 | D:3      | Found a shadowy altar of Dithmenos.
  2538 | D:3      | Killed skittles's ghost
  2538 | D:3      | Reached skill level 5 in Short Blades
  2538 | D:3      | Reached XP level 6. HP: 7/28 MP: 8/10
  3197 | D:4      | Got a spiked cloak
  3203 | D:4      | Identified the +0 cloak of Zeshilyokam {rPois} (You found it on level 4 of the Dungeon)
  3231 | D:4      | Reached skill level 6 in Short Blades
  3354 | D:4      | HP: 1/28 [centaur (2)]
  3357 | D:4      | Reached XP level 7. HP: 3/32 MP: 9/11
  3697 | D:4      | Reached skill level 7 in Short Blades
  4070 | D:5      | Entered Level 5 of the Dungeon
  4370 | D:5      | Noticed Grinder
  4393 | D:5      | Killed Grinder
  4393 | D:5      | Gained mutation: You have razor-sharp teeth. [Vine Stalker growth]
  4393 | D:5      | Reached XP level 8. HP: 21/36 MP: 8/12
  4485 | D:5      | Found a deep blue altar of Sif Muna.
  4538 | D:5      | Reached skill level 8 in Short Blades
  4551 | D:5      | Found a staircase to the Ecumenical Temple.
  4633 | Temple   | Entered the Ecumenical Temple
  4739 | Temple   | Became a worshipper of Ru the Awakened
  4814 | D:5      | Found Wumnyhah's Distillery.
  5066 | D:6      | Found a white marble altar of Elyvilon.
  5220 | D:6      | Reached skill level 1 in Fighting
  5390 | D:6      | Found a glowing golden altar of the Shining One.
  5515 | D:6      | HP: 1/40 [wight/halberd (6)]
  5515 | D:6      | Slain by a wight

Skill      XL: |  1  2  3  4  5  6  7  8 |
---------------+-------------------------+-----
Short Blades   | 1 2 3 4 5 6 7 8 |  8.4
Dodging        | 3 |  3.2
Fighting       | 3 |  3.4
Stealth        | |  2.4
Unarmed Combat | |  0.2
Spellcasting   | |  2.1
Transmutations | |  1.0
Earth Magic    | |  3.0

Action                   |  1- 3 |  4- 6 |  7- 9 || total
-------------------------+-------+-------+-------++-------
Melee: Dagger            |    75 |   172 |   196 ||   443
       Bite              |    15 |    51 |    71 ||   137
       Unarmed           |     1 |       |       ||     1
       Punch             |     1 |       |       ||     1
  Use: Scroll            |       |       |     4 ||     4
 Stab: Sleeping          |     4 |    10 |     4 ||    18
  Eat: Chunk             |     2 |     6 |     6 ||    14
Armor: Robe              |    13 |       |       ||    13
       Leather armour    |     5 |    14 |    21 ||    40
Dodge: Dodged            |    55 |    78 |    76 ||   209
